 Dungeon Crawl Stone Soup version 0.32-a0-576-g706899e69d (webtiles) character file.

Game seed: 18390090002748239320

431 Dittersdorf the Covered (level 7, 0/44 HPs)
             Began as a Gargoyle Fighter on Mar 1, 2024.
             Slain by a gnoll
             ... wielding a +0 halberd
              (7 damage)
             ... on level 4 of the Dungeon.
             The game lasted 00:03:54 (2134 turns).

Dittersdorf the Covered (Gargoyle Fighter)          Turns: 2134, Time: 00:03:55

Health: 0/44       AC: 16    Str: 22    XL:     7   Next: 0%
Magic:  0/7        EV:  8    Int:  8    God:
Gold:   156        SH:  4    Dex:  9    Spells: 6/6 levels left

rFire   . . .        a - +0 flail
rCold   . . .        c - +0 buckler
rNeg    + . .        j - +1 chain mail
rPois   ∞            (no helmet)
rElec   +            n - +0 cloak
rCorr   +            (no gloves)
SInv    .            (no boots)
Will    .....        i - amulet of guardian spirit Stlth
                     k - ring of resist corrosion
HPRegen 0.27/turn    (no ring)
MPRegen 0.10/turn

%: guardian spirit
@: no status effects
A: sickness immunity, AC +4, negative energy resistance 1, electricity
resistance, torment resistance 1, petrification resistance
a: no special abilities


You were on level 4 of the Dungeon.
You visited 1 branch of the dungeon, and saw 4 of its levels.

You collected 156 gold pieces.

Inventory:

Hand Weapons
 a - a +0 flail (weapon)
Armour
 c - a +0 buckler (worn)
 j - a +1 chain mail (worn)
 l - a +0 plate armour
 n - a +0 cloak (worn)
Jewellery
 f - an amulet of reflection
 i - an amulet of guardian spirit (around neck)
 k - a ring of resist corrosion (left hand)
Potions
 b - 2 potions of heal wounds {unknown}
 d - a potion of might
 e - 3 potions of curing {unknown}
 o - a potion of mutation {unknown}
 p - a potion of degeneration {unknown}
 t - a potion of brilliance


   Skills:
 + Level 5.0 Fighting
 + Level 3.9 Maces & Flails
 + Level 5.0 Armour
 + Level 5.0 Shields


You had 6 spell levels left.
You didn't know any spells.
Your spell library contained the following spells:

 Spells                   Type           Power      Damage    Failure   Level
 Jinxbite                 Hex            0%         N/A       99%         2
 Yara's Violent Unravell  Hex/Alch       0%         3d3       100%        5
 Enfeeble                 Hex            0%         N/A       100%        7


Dungeon Overview and Level Annotations

Branches:
Dungeon (4/15)
 Temple: D:4-7

Altars:
Kikubaaqudgha
Qazlal


Innate Abilities, Weirdness & Mutations

You are immune to sickness and miasma.
Your stone body is resilient. (AC +4)
You are immune to poison.
You resist negative energy. (rN+)
You are resistant to electric shocks. (rElec)
You are resistant to unholy torment.
You are immune to petrification.


Message History

The orc attacks as it pursues you! The orc closely misses you.
The orc attacks as it pursues you! The orc closely misses you.
The orc attacks as it pursues you! The orc hits you but does no damage.
The orc hits you but does no damage. The hound closely misses you.
The orc hits you but does no damage. x2
You block the hound's attack.
You sock the orc!
You kill the orc!
The orc hits you with a +0 hand axe. You block the hound's attack.
The gnoll barely misses you. The orc completely misses you.
The hound barely misses you.
You have reached level 7!
You closely miss the hound. The hound bites you but does no damage.
The gnoll barely misses you. The orc closely misses you.
You miss the hound. The hound bites you. You block the gnoll's attack.
The hound barely misses you. The orc closely misses you.
The gnoll barely misses you.
You barely miss the hound. The hound bites you but does no damage.
The orc completely misses you. The hound closely misses you.
You block the gnoll's attack.
You closely miss the hound. The hound bites you but does no damage.
The orc hits you but does no damage. The gnoll hits you but does no damage.
The hound bites you. The orc hits you with a +0 hand axe.
The gnoll hits you with a +0 halberd. The orc hits you but does no damage.
Things that are here:
a +0 club; an orc corpse You barely miss the gnoll.
You block the hound's attack. The gnoll hits you with a +0 halberd.
The hound bites you but does no damage. The orc completely misses you.
You hit the gnoll.
The gnoll is heavily wounded.
The hound bites you. The gnoll hits you with a +0 halberd!
* * * LOW HITPOINT WARNING * * *
The orc closely misses you. The hound barely misses you.
You hit the gnoll.
The gnoll is almost dead.
The hound barely misses you. You block the gnoll's attack.
The orc hits you but does no damage. The hound closely misses you.
The gnoll hits you with a +0 halberd!
You die...

#......##########'##
#......##.....##....
#......+......#.....
........#......'.....
.........#......#.....
.....>...#......#.....
####################..
##......##.....####..
#...@............#...
#..hog...........#...
#................#...
##.............).'...
#.....###..#######..
#.....# ##'# #..
.......# ..# ...
.......# ...# ...
.......#....' .g.


You could see a hound, a gnoll and an orc.

Vanquished Creatures
  A black bear (D:4)
  A scorpion (D:4)
  A bombardier beetle (D:3)
  2 orc priests
  2 iguanas (D:4)
  An orc wizard (D:3)
  3 adders
  5 ribbon worms
  A dart slug (D:3)
  14 orcs
  5 bats
  3 endoplasms
  A giant cockroach (D:1)
  3 goblins
  4 hobgoblins
  3 jackals (D:4)
  3 quokkas
  6 ball pythons
  3 frilled lizards
  4 kobolds
  3 rats
69 creatures vanquished.

Notes
Turn   | Place    | Note
-------+----------+-------------------------------------------
     0 | D:1      | Dittersdorf the Gargoyle Fighter began the quest for the
                  | Orb.
     0 | D:1      | Reached XP level 1. HP: 14/14 MP: 1/1
   276 | D:1      | Reached XP level 2. HP: 19/19 MP: 2/2
   723 | D:2      | Reached XP level 3. HP: 23/23 MP: 3/3
  1108 | D:2      | Reached XP level 4. HP: 17/29 MP: 4/4
  1395 | D:2      | Reached XP level 5. HP: 23/33 MP: 2/5
  1950 | D:3      | Found an ancient bone altar of Kikubaaqudgha.
  1952 | D:3      | Found a stormy altar of Qazlal.
  2009 | D:4      | Reached XP level 6. HP: 39/39 MP: 6/6
  2018 | D:4      | Noticed a black bear
  2039 | D:4      | Killed a black bear
  2074 | D:4      | Reached skill level 5 in Armour
  2111 | D:4      | Reached skill level 5 in Fighting
  2111 | D:4      | Reached skill level 5 in Shields
  2127 | D:4      | Reached XP level 7. HP: 31/44 MP: 4/7
  2134 | D:4      | Slain by a gnoll

Illustrated notes

Levels and vault maps discovered:
D:1:      doesnt_arrival_eight_statues, layout_loops_cross
D:2:      layout_rooms
D:3:      layout_rooms, minitemple
D:4:      layout_gridville, fedhas_altar_2, temple_green,
          mainiacjoe_sewer_entry_somewhere_in_here_2

Skill      XL: |  1  2  3  4  5  6 |
---------------+-------------------+-----
Fighting       | 4 5 |  5.0
Armour         | 4 5 |  5.0
Shields        | 4 5 |  5.0
Maces & Flails | 3 |  3.9

Action                     |  1- 3 |  4- 6 |  7- 9 || total
---------------------------+-------+-------+-------++-------
  Melee: Flail             |   111 |   142 |     7 ||   260
    Use: Scroll            |       |     7 |       ||     7
 Armour: Scale mail        |    24 |       |       ||    24
         Chain mail        |    76 |   126 |    16 ||   218
  Dodge: Dodged            |    72 |    65 |    12 ||   149
  Block: Buckler           |    29 |    42 |     4 ||    75

Table legend: (Time is in decaauts)
 A = Elapsed time spent in this place.
 B = Non-inter-level travel time spent in this place.
 C = Inter-level travel time spent in this place.
 D = Time resting spent in this place.
 E = Time spent auto-exploring this place.
 F = Levels seen in this place.
 G = Mean time per level.
                   A        B        C        D        E       F      G
               +--------+--------+--------+--------+--------+-----+--------+
         Total |   2212 |   2153 |     59 |    205 |   1234 |   4 |  553.0 |
       Dungeon |   2212 |   2153 |     59 |    205 |   1234 |   4 |  553.0 |
               +--------+--------+--------+--------+--------+-----+--------+

Top non-repeatable levels by time:
     D:3: 749 daAuts
     D:2: 681 daAuts
     D:1: 601 daAuts
     D:4: 180 daAuts
